 Dungeon Crawl Stone Soup version 0.30-a0-715-gdb4ae3ece1 (webtiles) character file.

Game seed: 4931588460592445413

553 NinjaNoafa the Chiller (level 7, 0/41 HPs)
             Began as an Octopode Ice Elementalist on Jan 24, 2023.
             Splashed by a jelly's acid (5 damage)
             ... on level 3 of the Dungeon.
             The game lasted 00:07:29 (3749 turns).

NinjaNoafa the Chiller (Octopode Ice Elementalist)  Turns: 3749, Time: 00:07:30

Health: 0/41       AC:  4    Str:  7    XL:     7   Next: 29%
Magic:  7/13       EV: 13    Int: 19    God:
Gold:   124        SH:  0    Dex: 13    Spells: 8/15 levels left

rFire   . . .      SeeInvis .    i - +2 dagger (venom)
rCold   . . .      Faith    .    (no shield)
rNeg    . . .      Spirit   .    (helmet restricted)
rPois   .          Reflect  .    c - amulet of regeneration
rElec   .          Harm     .    b - ring of resist corrosion
rCorr   +          Rampage  .    h - ring of willpower
Will    +....                    (no ring)
Stlth   ++++                     (no ring)
HPRegen 1.06/turn                (no ring)
MPRegen 0.13/turn                (no ring)
                                 (no ring)
                                 (no ring)

@: ice-armoured, corroded, freezing walls
A: almost no armour, amphibious, 8 rings, camouflage 1, gelatinous body 1,
(nimble swimmer 1), tentacles
a: no special abilities


You were on level 3 of the Dungeon.
You visited 2 branches of the dungeon, and saw 5 of its levels.

You collected 124 gold pieces.

Inventory:

Hand Weapons
 i - a +2 dagger of venom (weapon)
Missiles
 s - 6 poisoned darts
Jewellery
 b - a ring of resist corrosion (left tentacle)
 c - an amulet of regeneration (around mantle)
 h - a ring of willpower (right tentacle)
Scrolls
 d - 2 scrolls of brand weapon {unknown}
 e - 5 scrolls of identify {unknown}
 j - 2 scrolls of enchant weapon {unknown}
 l - 2 scrolls of immolation {unknown}
 m - a scroll of teleportation {unknown}
 n - a scroll of poison {unknown}
 p - a scroll of amnesia {unknown}
Potions
 a - a potion of magic
 f - a potion of cancellation {unknown}
 g - 2 potions of resistance {unknown}
 k - 2 potions of attraction {unknown}
 o - a potion of curing {unknown}
 q - a potion of lignification {unknown}
 r - a potion of haste {unknown}


   Skills:
 - Level 2.0 Dodging
 - Level 6.0 Stealth
 + Level 4.6 Spellcasting
 + Level 6.1 Ice Magic


You had 8 spell levels left.
You knew the following spells:

 Your Spells              Type           Power      Damage    Failure   Level
a - Freeze                Ice            100%       1d10      1%          1
b - Frozen Ramparts       Ice            54%        1d9       3%          3
c - Ozocubu's Armour      Ice            27%        N/A       3%          3

Your spell library contained the following spells:

 Spells                   Type           Power      Damage    Failure   Level
 Necrotise                Necr           16%        1d4       13%         1
 Vampiric Draining        Necr           4%         2d6       36%         3
 Summon Ice Beast         Ice/Summ       16%        N/A       36%         4
 Agony                    Necr           4%         N/A       98%         5


Dungeon Overview and Level Annotations

Branches:
Dungeon (4/15)             Temple (1/1) D:4

Altars:
Cheibriados
Dithmenos
Elyvilon
Fedhas
Hepliaklqana
Kikubaaqudgha
Makhleb
Nemelex Xobeh
Okawaru
Qazlal
Ru
Sif Muna
Uskayaw
Vehumet
Wu Jian
Xom
Yredelemnul
Zin
The Shining One

Annotations:
D:4 1 runed translucent door, Crazy Yiuf


Innate Abilities, Weirdness & Mutations

You cannot wear most types of armour.
You are amphibious.
You can wear up to eight rings at the same time.
Your skin changes colour to match your surroundings (Stealth+).
Your rubbery body absorbs attacks. (AC +1, EV +1)
((You are camouflaged when in or above water. (Stealth+)))
You have tentacles for arms and can constrict up to eight enemies at once.


Message History

The jelly quivers.
The endoplasm hits you.
The jelly quivers.
The jelly attacks as you move away! The jelly hits you.
You are splashed with acid.
You resist. The endoplasm attacks as you move away! The endoplasm hits you.
The endoplasm freezes you.
You are frozen.
The jelly attacks as you move away! The jelly hits you.
* * * LOW HITPOINT WARNING * * *
The acid corrodes you!
You are splashed with acid.
You resist.
* * * LOW HITPOINT WARNING * * *
The endoplasm attacks as you move away! The endoplasm completely misses you.
The endoplasm hits the fungus.
The fungus begins to die.
The endoplasm quivers.
Okay, then.
The jelly hits you.
* * * LOW HITPOINT WARNING * * *
You are splashed with acid.
You resist.
* * * LOW HITPOINT WARNING * * *
You see here a rat skeleton.
The jelly attacks as you move away! The jelly hits you.
* * * LOW HITPOINT WARNING * * *
You are splashed with acid.
You resist.
* * * LOW HITPOINT WARNING * * *
The endoplasm quivers.
There is an open door here.
Casting: Frozen Ramparts (dangerous; 3% risk of failure)
Confirm with . or Enter, or press ? or * to list all spells.
A film of ice covers your body! The jelly hits you but does no damage.
Casting: Ozocubu's Armour (dangerous; 3% risk of failure)
Confirm with . or Enter, or press ? or * to list all spells.
Casting: Frozen Ramparts (dangerous; 3% risk of failure)
Press: ? - help, Dir - look around, f - activate An open door.
The walls around you are covered in ice.
The wall freezes the jelly!
The jelly hits you.
* * * LOW HITPOINT WARNING * * *
You are splashed with acid.
You resist.
You die...

###########
#..÷.JPJ.$#
#...P.P.P.#
#÷P.P...÷.#
#÷P.J...P.#
#.PJJ.P...#
#..JJ.PJ÷.#
##@########
##.)....##
########.#
#....'..##
#....####
#.......#
#.......#
#......[# .
#.......#


You could see 2 jellies and 6 endoplasms.

Vanquished Creatures
  Grinder (D:4)
  An ogre (D:4)
  A howler monkey (D:4)
  2 hounds (D:4)
  A jelly (D:4)
  6 adders
  3 worms
  2 dart slugs
  2 orcs (D:4)
  9 endoplasms
  2 giant cockroaches
  7 goblins
  7 hobgoblins
  4 jackals (D:1)
  12 kobolds
  3 quokkas
  3 ball pythons
  3 bats
  5 frilled lizards
  4 rats
78 creatures vanquished.

Vanquished Creatures (others)
  A fungus (D:3)
  4 plants (D:1)
  5 toadstools (D:3)
10 creatures vanquished.

Grand Total: 88 creatures vanquished

Notes
Turn   | Place    | Note
-------+----------+-------------------------------------------
     0 | D:1      | NinjaNoafa the Octopode Ice Elementalist began the quest
                  | for the Orb.
     0 | D:1      | Reached XP level 1. HP: 11/11 MP: 3/3
   289 | D:1      | Reached XP level 2. HP: 14/17 MP: 1/5
   730 | D:1      | Reached XP level 3. HP: 21/21 MP: 3/6
  1358 | D:2      | Reached XP level 4. HP: 19/27 MP: 4/8
  1404 | D:2      | Learned a level 3 spell: Frozen Ramparts
  1408 | D:2      | Learned a level 3 spell: Ozocubu's Armour
  2068 | D:2      | Found a faded altar of an unknown god.
  2251 | D:2      | You fall into a shaft and drop 2 floors!
  2285 | D:4      | Noticed an ogre
  2311 | D:4      | Found a staircase to the Ecumenical Temple.
  2320 | D:4      | Reached skill level 5 in Ice Magic
  2328 | D:4      | Reached XP level 5. HP: 29/31 MP: 1/10
  2333 | Temple   | Entered the Ecumenical Temple
  2866 | D:4      | Reached XP level 6. HP: 30/36 MP: 7/11
  2982 | D:4      | Noticed Grinder
  2997 | D:4      | Killed Grinder
  2998 | D:4      | Reached skill level 5 in Stealth
  2998 | D:4      | Reached XP level 7. HP: 32/41 MP: 5/13
  3025 | D:4      | Found a runed translucent door.
  3026 | D:4      | Noticed Crazy Yiuf
  3749 | D:3      | Splashed by a jelly's acid

Illustrated notes

Levels and vault maps discovered:
D:1:      lemuel_arrival_behind_the_door_small, layout_loops_ring,
          serial_forest, infiniplex_forest_lined_room_3,
          infiniplex_forest_lined_3, infiniplex_forest_clump_tiny,
          infiniplex_forest_lined_2, infiniplex_forest_join,
          infiniplex_forest_straight_4, infiniplex_forest_clump_medium,
          infiniplex_forest_clump_diagonal
D:2:      layout_loops_ring, hellmonk_ecumenical_altar_leap_of_faith,
          kennysheep_minor_cross
D:3:      cheibrodos_fertilizer, layout_basic
D:4:      layout_basic, minmay_temple_entry_waves, uniq_grinder,
          uniq_crazy_yiuf_cottage
Temple:   nicolae_temple_bog_church

Skill      XL: |  1  2  3  4  5  6  7 |
---------------+----------------------+-----
Spellcasting   | 3 4 |  4.6
Stealth        | 3 4 5 6 |  6.0
Ice Magic      | 5 6 |  6.1
Dodging        | |  2.0

Action                     |  1- 3 |  4- 6 |  7- 9 || total
---------------------------+-------+-------+-------++-------
  Melee: Unarmed           |    20 |       |       ||    20
         Tentacles         |     6 |    11 |     4 ||    21
         Constrict         |     4 |    11 |     4 ||    19
         Dagger            |     6 |    40 |    25 ||    71
         Punch             |       |     2 |     1 ||     3
   Cast: Freeze            |    41 |    20 |     3 ||    64
         Frozen Ramparts   |       |     7 |     4 ||    11
         Ozocubu's Armour  |       |     4 |     2 ||     6
   Stab: Sleeping          |     3 |     4 |     2 ||     9
 Armour: Skin              |     8 |     6 |     2 ||    16
  Dodge: Dodged            |    44 |    42 |    14 ||   100

Table legend: (Time is in decaauts)
 A = Elapsed time spent in this place.
 B = Non-inter-level travel time spent in this place.
 C = Inter-level travel time spent in this place.
 D = Time resting spent in this place.
 E = Time spent auto-exploring this place.
 F = Levels seen in this place.
 G = Mean time per level.
                   A        B        C        D        E       F      G
               +--------+--------+--------+--------+--------+-----+--------+
         Total |   3748 |   3467 |    281 |     34 |   2815 |   5 |  749.6 |
       Dungeon |   3527 |   3272 |    255 |     34 |   2634 |   4 |  881.8 |
        Temple |    220 |    194 |     26 |      0 |    181 |   1 |  220.0 |
               +--------+--------+--------+--------+--------+-----+--------+

Top non-repeatable levels by time:
     D:1: 1265 daAuts
     D:4: 1209 daAuts
     D:2: 934 daAuts
  Temple: 220 daAuts
     D:3: 118 daAuts
